 Dungeon Crawl Stone Soup version 0.27.0-1-g7a089689b8 (webtiles) character file.

Game seed: 711739552410914801

210631 agentchuck the Severer (level 18, -1/149 HPs)
             Began as a Demonspawn Chaos Knight on Aug 3, 2021.
             Was a Plaything of Xom.
             Killed from afar by a quicksilver dragon (18 damage)
             ... with a bolt of dispelling energy
             ... on level 4 of the Snake Pit on Aug 4, 2021.
             The game lasted 02:54:43 (28793 turns).

agentchuck the Severer (Demonspawn Chaos Knight)   Turns: 28793, Time: 02:54:44

Health: -1/149     AC: 27    Str: 30    XL:     18   Next: 19%
Magic:  18/18      EV:  7    Int: 10    God:    Xom [..*...]
Gold:   234        SH: 35    Dex: 12    Spells: 17/17 levels left

rFire    . . .     SeeInvis .   q - +9 war axe "Omyes" {drain, rPois}
rCold    . . .     Faith    .   F - +10 tower shield of Ignorance {rN+ Int-4}
rNeg     + . .     Spirit   .   L - +4 crystal plate armour
rPois    +         Reflect  +   (helmet restricted)
rElec    .         Harm     .   u - scarf {repulsion}
rCorr    .         Rampage  .   s - +2 pair of gloves {Str+3}
Will     ++...     Rnd*Tele +   Q - +1 pair of boots
Stlth    ..........             g - amulet of reflection
HPRegen  1.34/turn              S - +6 ring of strength
MPRegen  0.16/turn              M - ring of willpower

@: weakened, studying Unarmed Combat, repel missiles
A: antennae 2, foul stench 3, sturdy frame 2, demonic magic 3, claws 1, talons
2, deformed body, mutation resistance 1, sense surroundings 1, poison
resistance, regeneration 1, teleportitis 1, noise suppression
}: 1/15 runes: barnacled
a: Renounce Religion


You were on level 4 of the Snake Pit.
You worshipped Xom.
You were a toy of Xom.
You visited 5 branches of the dungeon, and saw 31 of its levels.

You collected 3326 gold pieces.
You spent 3092 gold pieces at shops.


Innate Abilities, Weirdness & Mutations

You have a pair of antennae on your head.
You frequently emit foul miasma when damaged in melee.
Your movements are less encumbered by armour. (ER -4)
Spells you cast and wands you use may paralyse nearby enemies.
You have sharp fingernails.
You have razor-sharp toenails.
Armour fits poorly on your strangely shaped body.
You are somewhat resistant to further mutation.
You passively map a small area around you.
Your system is resistant to poisons. (rPois)
Your natural rate of healing is unusually fast.
You are occasionally teleported next to monsters.
You passively dampen the noise of your surroundings.


   Skills:
 * Level 15.2 Fighting
 + Level 15.4(15.6) Axes
 - Level 4.5(11.2) Maces & Flails
 + Level 9.4 Throwing
 + Level 15.2 Armour
 - Level 5.2 Dodging
 * Level 11.7 Shields
 - Level 11.0 Evocations


You had 17 spell levels left.
You didn't know any spells.
Your spell library contained the following spells:

 Spells                   Type           Power      Damage    Failure   Level
 Animate Skeleton         Necr           0%         N/A       100%        1
 Corona                   Hex            0%         N/A       100%        1
 Foxfire                  Conj/Fire      0%         2x1d4     100%        1
 Pain                     Necr           0%         1d4       100%        1
 Sting                    Tmut/Pois      0%         1d3       100%        1
 Summon Small Mammal      Summ           0%         N/A       100%        1
 Blink                    Tloc           N/A        N/A       100%        2
 Ensorcelled Hibernation  Hex/Ice        0%         N/A       100%        2
 Passwall                 Tmut/Erth      0%         N/A       100%        2
 Poisonous Vapours        Pois/Air       0%         N/A       100%        2
 Slow                     Hex            0%         N/A       100%        2
 Static Discharge         Conj/Air       0%         N/A       100%        2
 Sublimation of Blood     Necr           0%         N/A       100%        2
 Wereblood                Tmut           0%         N/A       100%        2
 Call Canine Familiar     Summ           0%         N/A       100%        3
 Confusing Touch          Hex            0%         N/A       100%        3
 Conjure Flame            Conj/Fire      0%         6-21      100%        3
 Dazzling Flash           Conj/Hex       0%         N/A       100%        3
 Ignite Poison            Fire/Tmut/Pois 0%         N/A       100%        3
 Inner Flame              Hex/Fire       0%         N/A       100%        3
 Mephitic Cloud           Conj/Pois/Air  0%         N/A       100%        3
 Summon Guardian Golem    Hex/Summ       0%         N/A       100%        3
 Swiftness                Air            0%         N/A       100%        3
 Tukima's Dance           Hex            0%         N/A       100%        3
 Vampiric Draining        Necr           0%         2d6       100%        3
 Cause Fear               Hex            0%         N/A       100%        4
 Leda's Liquefaction      Hex/Erth       0%         N/A       100%        4
 Olgreb's Toxic Radiance  Pois           0%         N/A       100%        4
 Petrify                  Tmut/Erth      0%         N/A       100%        4
 Bolt of Magma            Conj/Fire/Erth 0%         4d4       100%        5
 Freezing Cloud           Conj/Ice/Air   0%         6-21      100%        5
 Lightning Bolt           Conj/Air       0%         1d11      100%        5
 Manifold Assault         Tloc           0%         N/A       100%        5
 Invisibility             Hex            0%         N/A       100%        6
 Simulacrum               Ice/Necr       0%         N/A       100%        6
 Dragon Form              Tmut           0%         N/A       100%        7
 Malign Gateway           Summ/Tloc      0%         N/A       100%        7
 Storm Form               Tmut/Air       0%         N/A       100%        7
 Summon Hydra             Summ           0%         N/A       100%        7
 Maxwell's Capacitive Co  Air            0%         ∞         100%        8
 Summon Horrible Things   Summ           0%         N/A       100%        8
 Chain Lightning          Conj/Air       0%         N/A       100%        9
 Dragon's Call            Summ           0%         N/A       100%        9
 Fire Storm               Conj/Fire      0%         5d1       100%        9
 Polar Vortex             Ice            0%         N/A       100%        9

Inventory:

Hand Weapons
 a - a +0 mace of chaos
 c - the +10 dagger "Kotok" {vorpal, rPois rF- Will+++ Stlth+}
   (You found it on level 14 of the Dungeon)

   It inflicts extra damage upon your enemies.
   rF:        It makes you vulnerable to fire.
   rPois:     It protects you from poison.
   Will:      It greatly increases your willpower.
   Stlth:     It makes you more stealthy.
 q - the +9 war axe "Omyes" (weapon) {drain, rPois}
   (You found it on level 8 of the Dungeon)

   A truly terrible weapon, it drains the life of any living foe it strikes.
   rPois:     It protects you from poison.
 w - a +2 broad axe of freezing
Missiles
 h - 30 javelins
 j - 83 boomerangs (quivered)
 k - 7 throwing nets {=f}
 l - 5 silver boomerangs
 r - 32 silver javelins
 N - 17 curare-tipped darts {=f}
Armour
 e - a +1 cloak
 s - a +2 pair of gloves of strength (worn)
 u - a scarf of repulsion (worn)
 F - the +10 tower shield of Ignorance (worn) {rN+ Int-4}
   (You found it on level 12 of the Dungeon)

   Int:       It affects your intelligence (-4).
   rN:        It protects you from negative energy.
 L - a +4 crystal plate armour (worn)
 Q - a +1 pair of boots (worn)
Jewellery
 g - an amulet of reflection (around neck)
 v - a ring of see invisible
 G - an amulet of guardian spirit
 M - a ring of willpower (right hand)
 P - the ring "Fopnac" {rPois rN+}
   (You bought it in a shop on level 15 of the Dungeon)

   [ring of poison resistance]

   rPois:     It protects you from poison.
   rN:        It protects you from negative energy.
 S - a +6 ring of strength (left hand)
Wands
 b - a wand of flame (75)
 n - a wand of mindburst (20)
 A - a wand of digging (12)
 U - a wand of acid (13)
 W - a wand of iceblast (4)
Scrolls
 i - 2 scrolls of summoning
 p - 7 scrolls of teleportation {@r4}
 t - 3 scrolls of fog
 x - 3 scrolls of immolation {!r}
 y - 3 scrolls of vulnerability {!r}
 I - 7 scrolls of magic mapping
 J - 3 scrolls of fear
 K - 2 scrolls of holy word {!r}
 O - a scroll of torment {!r}
 V - a scroll of blinking
Potions
 d - 4 potions of lignification {!q}
 f - 8 potions of curing {@q1}
 o - 10 potions of flight
 z - 4 potions of brilliance
 C - a potion of invisibility
 D - 3 potions of might
 E - 3 potions of magic
 R - 2 potions of attraction {!q}
 T - 4 potions of berserk rage {!q}
 X - 2 potions of heal wounds {@q2}
Miscellaneous
 Y - a condenser vane (inert)

Dungeon Overview and Level Annotations

Branches:
Dungeon (15/15)            Temple (0/1) D:6            Lair (6/6) D:8
 Shoals (4/4) Lair:2        Snake (4/4) Lair:3        Slime (0/5) Lair:6
    Orc (2/2) D:12            Elf (0/3) Orc:2        Depths (0/5) D:15
 Vaults: D:13-14

Altars:
Ashenzari
Cheibriados
Elyvilon
Fedhas
Makhleb
Nemelex Xobeh
Okawaru
Qazlal
Uskayaw
Xom
Yredelemnul
Zin
Lugonu

Shops:
D:4 ?   D:7 :   D:12 [   D:15 =   Orc:2 *?*=[**   Snake:1 :?:[   Snake:3 *[:*

Portals:
Abyss: Shoals:2

Annotations:
D:14 Roxanne
Shoals:2 1 runed translucent door
Shoals:3 exclusion: snapping turtle
Snake:2 3 runed translucent doors, Dadghomedgh's ghost, adept GnWz

......# ##.▒ , , ,* ##....#
#####..▒ , ###.### #...#.#▒, *
#*#..# #.....▒ ,, . ##.# #<.[.▒▒
, ** .# .## #####).▒ . , ...*..#
#....[[▒..... *, , #.##.#
#..D...▒▒...▒ * , #..^.#
#..@D▒▒▒▒.8▒▒ * ▒ ▒ #....#####
###)8▒▒...).▒▒▒.. ▒▒
##....##...###.....÷......▒....▒.
....N###...#...SN.†...⌠...'..8.'.
......##...........N......▒....▒.
..N....##.......#8▒▒.S...▒▒▒.. ▒▒
##.....##...#...##▒▒▒▒.8▒▒ ▒****▒
#N....#####....# ▒▒...▒* #.....N#
#.#### ▒......,* , ,


You could see 2 quicksilver dragons, a naga sharpshooter (catching breath), a
salamander tyrant and 2 guardian serpents.


Message History

The naga sharpshooter seems less drained.
You block the quicksilver dragon's attack. x2
The salamander tyrant gazes fiercely through you!
You feel your attacks grow feeble.
You block the quicksilver dragon's attack.
The quicksilver dragon claws you!
* * * LOW HITPOINT WARNING * * *
You emit a cloud of foul miasma!
The naga sharpshooter spits poison at you.
The splash of poison reflects off an invisible shield around you!
The splash of poison hits the naga sharpshooter.
The naga sharpshooter completely resists.
The quicksilver dragon bites you but does no damage.
The quicksilver dragon claws you.
* * * LOW HITPOINT WARNING * * *
Unknown command.
Unknown command.
Unknown command.
Unknown command.
You feel better. Xom grants you insight.
You detect creatures!
The quicksilver dragon is engulfed in dark miasma.
The quicksilver dragon is poisoned.
The quicksilver dragon seems to slow down.
The quicksilver dragon breathes dispelling energy at you.
The bolt of dispelling energy hits you!!
Your magical effects are unravelling.
You die...
Xom cackles wildly!

Skill      XL: |  1  2  3  4  5  6  7  8  9 10 11 12 13 14 15 16 17 |
---------------+----------------------------------------------------+-----
Maces & Flails | 3 4 |  4.5
Fighting       | 4 5 7 8 9 11 12 13 14 15 | 15.2
Shields        | 1 2 3 4 5 8 9 11 | 11.7
Armour         | 2 3 4 5 7 10 12 14 15 | 15.2
Axes           | 1 2 4 6 7 9 10 11 12 13 14 15 | 15.4
Evocations     | 1 3 4 5 6 7 9 10 11 | 11.0
Dodging        | 1 2 4 5 |  5.2
Throwing       | 2 4 6 8 9 |  9.4

Action                   |  1- 3 |  4- 6 |  7- 9 | 10-12 | 13-15 | 16-18 || total
-------------------------+-------+-------+-------+-------+-------+-------++-------
Melee: Mace              |   109 |    55 |    42 |   376 |    32 |       ||   614
       Broad axe         |       |    33 |   152 |       |   133 |    20 ||   338
       Unarmed           |       |       |     6 |       |       |       ||     6
       War axe           |       |       |     9 |   273 |   950 |   857 ||  2089
       Dagger            |       |       |       |       |     9 |       ||     9
       Kick              |       |       |       |       |       |     2 ||     2
Throw: Stone             |     7 |       |     9 |       |       |       ||    16
       Dart              |       |     3 |     1 |    19 |       |     3 ||    26
       Boomerang         |       |       |       |    19 |    43 |   101 ||   163
       Throwing net      |       |       |       |       |     1 |       ||     1
       Javelin           |       |       |       |       |       |     5 ||     5
Evoke: Wand              |     1 |    12 |    13 |     9 |    18 |    19 ||    72
       Condenser vane    |       |       |       |     1 |     2 |     5 ||     8
  Use: Scroll            |     3 |     8 |    13 |     6 |     8 |    12 ||    50
       Potion            |       |       |     1 |     2 |    11 |     9 ||    23
 Stab: Petrifying        |       |     1 |       |       |       |       ||     1
       Paralysed         |       |     2 |     3 |    25 |    15 |     5 ||    50
       Confused          |       |       |       |     2 |     3 |     1 ||     6
       Petrified         |       |       |       |     2 |       |       ||     2
       Held in net/web   |       |       |       |       |       |     2 ||     2
       Distracted        |       |       |       |       |       |     1 ||     1
Armor: Leather armour    |    52 |    14 |    38 |       |       |       ||   104
       Chain mail        |       |    11 |    11 |       |       |       ||    22
       Crystal plate arm |       |       |    17 |   359 |   569 |   204 ||  1149
       Skin              |       |       |       |       |       |     2 ||     2
Dodge: Dodged            |    62 |    42 |    90 |   157 |   242 |   131 ||   724
       Repelled          |       |       |       |       |     5 |     8 ||    13
Block: Buckler           |     6 |    61 |   155 |   487 |   509 |       ||  1218
       Reflection        |       |       |     8 |     4 |    75 |   161 ||   248
       Tower shield      |       |       |       |       |   685 |  1370 ||  2055

Levels and vault maps discovered:
D:1:      amcnicky_arrival_flooded_fountain, layout_basic,
          hangedman_decor_growths, serial_park_tiny_pond
D:2:      layout_loops_cross, shapermc_ecumenical_altar_starsandcircs,
          basic_altar, minmay_misc_feat_plants
D:3:      layout_rooms, minmay_misc_feat_more_columns, minmay_checkerbox
D:4:      kb_forest_paths, layout_basic, minmay_overflow_temple_star_hex,
          serial_shops, kennysheep_little_box, minmay_misc_feat_columns
D:5:      layout_gridville, grunt_decor_cap, hangedman_decor_opposing,
          uniq_pikel
D:6:      layout_gridville, minmay_temple_entry_enclosed_plants,
          hangedman_abyss_or_decor_passed, hangedman_feature_mirror,
          minmay_increasing_density
D:7:      nzn_winding_woodlands_small [nzn_winding_woodlands_5x15_longhouse,
          nzn_winding_woodlands_center_triple_pond,
          nzn_winding_woodlands_5x15_parted], layout_rooms,
          nicolae_shop_self_help
D:8:      layout_cave_pools, grunt_lair_entry_orc_guard_hut, uniq_prince_ribbit1
D:9:      layout_roguey, grunt_temple_overflow_diamond
D:10:     layout_loops_cross, uniq_nergalle
D:11:     layout_basic
D:12:     layout_basic, orc_0_dummy, serial_shops, nicolae_take_the_stairs,
          uniq_sonja, uniq_maurice, uniq_josephine
D:13:     layout_irregular_city, david_vaults_5, kennysheep_small_circle
D:14:     layout_loops_ring, nicolae_uskayaw_dance_hall, uniq_roxanne,
          uniq_nessos
D:15:     hangedman_depths_entry_civil_slaughter, layout_loops_ring,
          serial_shops, nicolae_shop_statue_plus,
          amcnicky_mini_rare_corridor_liquid
Lair:1:   layout_cave_pods
Lair:2:   layout_small_grid, shoals_dummy_entry
Lair:3:   layout_roguey, dummy_snake_entry
Lair:4:   layout_gridlike, kennysheep_rathole
Lair:5:   layout_cave_pods, grunt_megastairs_3, serial_bayou_shore_a
Lair:6:   evil_forest, layout_long_grid, minmay_slime_entry_jelly_boxes,
          infiniplex_staircase_pool
Shoals:1: layout_shoals, nicolae_shoals_stone_sculpture_thing
Shoals:2: layout_shoals, nicolae_shoals_abyss_on_the_beach, uniq_donald
Shoals:3: cheibrodos_shoals_epimethial_gifts, layout_shoals,
          nicolae_shoals_square_sea_wall, nicolae_shoals_land_atoll
Shoals:4: shoals_end_hangedman, layout_shoals, shoals_ilsuiw_alternative
Snake:1:  layout_chambers, serial_shops, shop, shop, nicolae_shop_trees, shop,
          uniq_aizul
Snake:2:  layout_cave_shapes, ebering_ghost_rock_garden, drop_trap, uniq_agnes,
          uniq_louise, uniq_saint_roka
Snake:3:  layout_cave_town, grunt_megastairs_5, minmay_shoptagon,
          serial_bayou_shore_b, uniq_azrael, uniq_vashnia, uniq_kirke
Snake:4:  hellmonk_snake_rune_quicksilver_temple, layout_misc_corridors,
          basic_altar, drop_trap, uniq_mara
Orc:1:    layout_caves, special_room [special_room_bee]
Orc:2:    st_orc_pillars, layout_diamond_mine, serial_shops, shop, shop,
          nicolae_lakefront_shop, abandoned_shop, uniq_jorgrun

Notes
Turn   | Place    | Note
-------+----------+-------------------------------------------
     0 | D:1      | agentchuck the Demonspawn Chaos Knight began the quest for
                  | the Orb.
     0 | D:1      | Reached XP level 1. HP: 18/18 MP: 1/1
    49 | D:1      | XOM: silly message
   170 | D:1      | XOM: silly message
   362 | D:1      | Reached skill level 3 in Maces & Flails
   362 | D:1      | Gained mutation: Your movements are slightly less
                  | encumbered by armour. (ER -2) [demonic ancestry]
   362 | D:1      | Reached XP level 2. HP: 18/24 MP: 2/2
   742 | D:2      | XOM: noise
   948 | D:2      | Found a stormy altar of Qazlal.
   973 | D:2      | Gained mutation: You may rarely emit foul miasma when
                  | damaged in melee. [demonic ancestry]
   973 | D:2      | Reached XP level 3. HP: 28/29 MP: 3/3
   985 | D:2      | Found a faded altar of an unknown god.
  1136 | D:2      | XOM: potion effect (haste)
  1271 | D:3      | Reached skill level 4 in Fighting
  1476 | D:3      | Reached XP level 4. HP: 31/37 MP: 4/4
  1751 | D:4      | Noticed an ogre
  1763 | D:4      | Killed an ogre
  1764 | D:4      | Reached skill level 4 in Maces & Flails
  1764 | D:4      | Reached skill level 1 in Shields
  1764 | D:4      | Gained mutation: Spells you cast may paralyse adjacent
                  | enemies. [demonic ancestry]
  1764 | D:4      | Reached XP level 5. HP: 35/43 MP: 5/5
  1773 | D:4      | XOM: silly message
  2051 | D:4      | Reached skill level 2 in Shields
  2066 | D:4      | Noticed an orc warrior
  2071 | D:4      | XOM: divination: detect items
  2076 | D:4      | Killed an orc warrior
  2077 | D:4      | Gained mutation: Your movements are less encumbered by
                  | armour. (ER -4) [demonic ancestry]
  2077 | D:4      | Reached XP level 6. HP: 50/50 MP: 6/6
  2084 | D:4      | Reached skill level 5 in Fighting
  2325 | D:4      | Found Gocetuv's Magic Scroll Shoppe.
  2330 | D:4      | Bought a scroll of fog for 24 gold pieces
  2330 | D:4      | Bought a scroll of teleportation for 36 gold pieces
  2330 | D:4      | Bought a scroll of identify for 24 gold pieces
  2330 | D:4      | Bought a scroll of immolation for 42 gold pieces
  2601 | D:4      | Found a broken altar of Ashenzari.
  2611 | D:4      | Found an iron altar of Okawaru.
  2611 | D:4      | Found a blossoming altar of Fedhas.
  2625 | D:4      | Found a basalt altar of Yredelemnul.
  2670 | D:5      | Entered Level 5 of the Dungeon
  2768 | D:5      | XOM: divination: detect items
  2802 | D:5      | XOM: give mutations
  2802 | D:5      | Gained mutation: Armour fits poorly on your strangely
                  | shaped body. [Xom's mischief]
  2802 | D:5      | Gained mutation: Your body sometimes deteriorates upon
                  | taking damage. [Xom's mischief]
  2802 | D:5      | Gained mutation: You occasionally shout uncontrollably at
                  | your foes. [Xom's mischief]
  2802 | D:5      | Gained mutation: You are partially covered in large bone
                  | plates. (SH +4) [Xom's mischief]
  2808 | D:5      | XOM: cleaving
  2820 | D:5      | Reached skill level 2 in Armour
  2985 | D:5      | Noticed an ice beast
  2994 | D:5      | Killed an ice beast
  2995 | D:5      | Reached skill level 1 in Axes
  2995 | D:5      | Reached skill level 3 in Shields
  2995 | D:5      | Gained mutation: Spells you cast may paralyse nearby
                  | enemies. [demonic ancestry]
  2995 | D:5      | Reached XP level 7. HP: 47/56 MP: 7/7
  3048 | D:5      | Noticed Pikel
  3051 | D:5      | XOM: confusion
  3060 | D:5      | XOM: summons 1 hostile shadow creature
  3063 | D:5      | XOM: confusion (+ monsters)
  3123 | D:5      | XOM: confuse monster(s)
  3131 | D:5      | XOM: confuse monster(s)
  3135 | D:5      | XOM: summons friendly quasit
  3136 | D:5      | Killed Pikel
  3137 | D:5      | Reached skill level 2 in Axes
  3137 | D:5      | Reached skill level 3 in Armour
  3137 | D:5      | Reached skill level 1 in Evocations
  3187 | D:5      | Gained mutation: Spells you cast and wands you use may
                  | paralyse nearby enemies. [demonic ancestry]
  3187 | D:5      | Reached XP level 8. HP: 60/64 MP: 8/8
  3239 | D:5      | Reached skill level 6 in Fighting
  3423 | D:6      | XOM: divination: magic mapping
  3433 | D:6      | Reached skill level 2 in Evocations
  3439 | D:6      | Reached skill level 4 in Shields
  3476 | D:6      | Found a staircase to the Ecumenical Temple.
  3499 | D:6      | XOM: 4-stop teleportation journey
  3510 | D:6      | Reached skill level 3 in Axes
  3522 | D:6      | XOM: swap monsters
  3744 | D:6      | XOM: 1-stop teleportation journey
  3773 | D:6      | Found a blossoming altar of Fedhas.
  3774 | D:6      | Noticed a kobold demonologist
  3777 | D:6      | Reached skill level 4 in Armour
  3784 | D:6      | Killed a kobold demonologist
  3785 | D:6      | Reached skill level 4 in Axes
  3785 | D:6      | Reached skill level 3 in Evocations
  3851 | D:6      | XOM: silly message
  3912 | D:6      | XOM: summons 5 hostile demons
  3930 | D:6      | Reached skill level 1 in Dodging
  4050 | D:6      | Reached skill level 7 in Fighting
  4109 | D:6      | XOM: swap monsters
  4118 | D:6      | XOM: divination: detect creatures
  4120 | D:6      | Reached XP level 9. HP: 65/72 MP: 9/9
  4229 | D:6      | XOM: divination: detect items
  4381 | D:7      | Found Disim's Self-Improvement Boutique.
  4576 | D:7      | XOM: enchant monster (good)
  4615 | D:7      | Reached skill level 2 in Dodging
  4623 | D:7      | XOM: destruction
  4626 | D:7      | Noticed a cyclops
  4628 | D:7      | Reached skill level 5 in Armour
  4634 | D:7      | Reached skill level 5 in Axes
  4652 | D:7      | Identified a +2 crystal plate armour (Xom gifted it to you
                  | on level 7 of the Dungeon)
  4652 | D:7      | XOM: god gift: +2 crystal plate armour
  4675 | D:7      | Noticed a moth of wrath
  4675 | D:7      | a cyclops changed into a moth of wrath
  4675 | D:7      | XOM: polymorph cyclops -> moth of wrath
  4683 | D:7      | Killed a moth of wrath
  4684 | D:7      | Reached skill level 8 in Fighting
  4684 | D:7      | Reached skill level 4 in Evocations
  4776 | D:7      | XOM: divination: detect items
  4961 | D:7      | Lost mutation: You occasionally shout uncontrollably at
                  | your foes. [potion of mutation]
  4961 | D:7      | Lost mutation: Armour fits poorly on your strangely shaped
                  | body. [potion of mutation]
  4961 | D:7      | Gained mutation: You are dopey. (Int -2) [potion of
                  | mutation]
  4961 | D:7      | Gained mutation: You occasionally shout uncontrollably at
                  | your foes. [potion of mutation]
  4961 | D:7      | Gained mutation: You passively map a small area around you.
                  | [potion of mutation]
  4961 | D:7      | Gained mutation: Your flesh is heat resistant. (rF+)
                  | [potion of mutation]
  5242 | D:8      | XOM: stealth player
  5248 | D:8      | XOM: enchant monster (good)
  5254 | D:8      | Noticed Prince Ribbit
  5255 | D:8      | Noticed a komodo dragon
  5257 | D:8      | Identified the +9 war axe "Omyes" {drain, rPois}
  5267 | D:8      | Killed a komodo dragon
  5271 | D:8      | Killed Prince Ribbit
  5272 | D:8      | Reached skill level 6 in Axes
  5272 | D:8      | Reached XP level 10. HP: 68/82 MP: 10/10
  5369 | D:8      | XOM: 1-stop teleportation journey
  5537 | D:8      | Reached skill level 6 in Armour
  5576 | D:8      | Found a staircase to the Lair.
  5675 | D:9      | XOM: cast spell 'Necromutation'
  5795 | D:9      | XOM: divine lightning
  5933 | D:9      | Found a sparkling altar of Nemelex Xobeh.
  5936 | D:9      | Found a snail-covered altar of Cheibriados.
  5956 | D:9      | Found a stormy altar of Qazlal.
  6045 | D:9      | Reached skill level 5 in Evocations
  6136 | D:9      | Reached skill level 9 in Fighting
  6480 | D:10     | Entered Level 10 of the Dungeon
  6503 | D:10     | Noticed Nergalle
  6524 | D:10     | Killed Nergalle
  6525 | D:10     | Reached skill level 7 in Axes
  6582 | D:10     | XOM: smoke on damage
  6601 | D:10     | Noticed a two-headed ogre
  6616 | D:10     | XOM: 2-stop teleportation journey
  6670 | D:10     | Reached skill level 7 in Armour
  6760 | D:10     | XOM: fog
  6776 | D:10     | Killed a two-headed ogre
  7156 | D:8      | XOM: divination: detect items
  7157 | Lair:1   | Entered Level 1 of the Lair of Beasts
  7312 | Lair:1   | XOM: polymorph yak -> naga
  7315 | Lair:1   | XOM: noise
  7317 | Lair:1   | Noticed a cane toad
  7324 | Lair:1   | XOM: god gift: 1042 gold pieces
  7329 | Lair:1   | XOM: fog
  7329 | Lair:1   | Killed a cane toad
  7330 | Lair:1   | Reached XP level 11. HP: 90/90 MP: 11/11
  7436 | D:7      | Bought a manual of Armour for 1040 gold pieces
  7550 | Lair:1   | XOM: god gift: 45 gold pieces
  7641 | Lair:1   | You fall into a shaft and drop 1 floor!
  7686 | Lair:2   | XOM: destruction
  7692 | Lair:2   | Reached skill level 10 in Fighting
  7734 | Lair:2   | Reached skill level 8 in Armour
  7771 | Lair:2   | Noticed a six-headed hydra
  7781 | Lair:2   | Killed a six-headed hydra
  7782 | Lair:2   | Reached skill level 8 in Axes
  7782 | Lair:2   | Reached skill level 6 in Evocations
  7859 | Lair:2   | XOM: divine lightning
  7884 | Lair:2   | XOM: 2-stop teleportation journey
  7968 | Lair:2   | XOM: potion effect (curing)
  8193 | Lair:2   | Found a staircase to the Shoals.
  8325 | Lair:3   | Found a staircase to the Snake Pit.
  8426 | Lair:3   | Noticed a death yak
  8426 | Lair:3   | Noticed a death yak
  8427 | Lair:3   | Noticed a death yak
  8429 | Lair:3   | Noticed a death yak
  8453 | Lair:3   | Killed a death yak
  8453 | Lair:3   | Killed a death yak
  8454 | Lair:3   | Reached skill level 9 in Armour
  8455 | Lair:3   | Killed a death yak
  8455 | Lair:3   | Killed a death yak
  8535 | Lair:3   | XOM: cast spell 'Summon Small Mammal'
  8545 | Lair:3   | XOM: noise
  8611 | Lair:3   | XOM: enchant monster (good)
  8615 | Lair:3   | XOM: summons 5 hostile demons
  8618 | Lair:3   | XOM: cleaving
  8716 | Lair:3   | Reached skill level 9 in Axes
  8716 | Lair:3   | Reached skill level 10 in Armour
  8759 | Lair:3   | Reached skill level 11 in Fighting
  8759 | Lair:3   | Gained mutation: You sometimes emit foul miasma when
                  | damaged in melee. [demonic ancestry]
  8759 | Lair:3   | Reached XP level 12. HP: 32/100 MP: 12/12
  8759 | Lair:3   | XOM: noise
  9198 | Lair:4   | Noticed a seven-headed hydra
  9209 | Lair:4   | Killed a seven-headed hydra
  9223 | Lair:4   | XOM: cleaving
  9226 | Lair:4   | Reached skill level 7 in Evocations
  9305 | Lair:4   | XOM: divination: magic mapping
  9309 | Lair:4   | XOM: fake destruction
  9315 | Lair:4   | XOM: cleaving
  9346 | Lair:4   | Noticed a death yak
  9357 | Lair:4   | XOM: confuse monster(s)
  9381 | Lair:4   | XOM: fake destruction
  9392 | Lair:4   | Killed a death yak
  9726 | Lair:4   | Noticed a death yak
  9726 | Lair:4   | Noticed a death yak
  9727 | Lair:4   | Noticed a death yak
  9727 | Lair:4   | Noticed a death yak
  9733 | Lair:4   | Noticed a death yak
  9746 | Lair:4   | XOM: fake destruction
  9747 | Lair:4   | XOM: 8-stop teleportation journey
  9961 | Lair:4   | XOM: summons 2 hostile shadow creatures
  9997 | Lair:4   | XOM: summons 10 friendly demons
 10000 | Lair:4   | Killed a death yak
 10001 | Lair:4   | Reached skill level 1 in Throwing
 10005 | Lair:4   | Killed a death yak
 10006 | Lair:4   | Reached skill level 11 in Armour
 10006 | Lair:4   | Killed a death yak
 10010 | Lair:4   | Killed a death yak
 10014 | Lair:4   | Killed a death yak
 10061 | Lair:4   | Reached skill level 2 in Throwing
 10136 | Lair:5   | Reached skill level 10 in Axes
 10143 | Lair:5   | Noticed a catoblepas
 10145 | Lair:5   | XOM: polymorph wyvern -> shapeshifter
 10151 | Lair:5   | XOM: summons 1 hostile demon
 10162 | Lair:5   | Killed a catoblepas
 10162 | Lair:5   | XOM: divination: detect creatures
 10168 | Lair:5   | XOM: cast spell 'Dispersal'
 10213 | Lair:5   | XOM: cast spell 'Necromutation'
 10216 | Lair:5   | XOM: divine lightning
 10223 | Lair:5   | Reached skill level 12 in Armour
 10315 | Lair:5   | Reached XP level 13. HP: 59/107 MP: 13/13
 10317 | Lair:5   | XOM: potion effect (might)
 10375 | Lair:5   | Reached skill level 8 in Evocations
 10490 | Lair:5   | XOM: 1-stop teleportation journey
 10656 | Lair:5   | Reached skill level 3 in Throwing
 10821 | Lair:5   | XOM: give mutations
 10821 | Lair:5   | Lost mutation: Your body sometimes deteriorates upon taking
                  | damage. [Xom's mischief]
 10821 | Lair:5   | Gained mutation: You are frail. (-10% HP) [Xom's mischief]
 10821 | Lair:5   | Gained mutation: Armour fits poorly on your strangely
                  | shaped body. [Xom's mischief]
 10821 | Lair:5   | Lost mutation: Armour fits poorly on your strangely shaped
                  | body. [Xom's mischief]
 11025 | Lair:6   | Entered Level 6 of the Lair of Beasts
 11051 | Lair:6   | XOM: polymorph jelly -> adder
 11074 | Lair:6   | Found a staircase to the Slime Pits.
 11111 | Lair:6   | XOM: god gift: +1 vorpal dire flail
 11169 | Lair:6   | XOM: enchant monster (bad)
 11475 | Lair:6   | XOM: divination: detect creatures
 11476 | Lair:6   | XOM: noise
 11504 | Lair:6   | XOM: summons friendly ufetubus
 11518 | Lair:6   | Reached skill level 12 in Fighting
 11543 | Lair:6   | XOM: summons 4 friendly demons
 11928 | Lair:6   | XOM: scenery: create altars
 11936 | Lair:6   | XOM: enchant monster (bad)
 12045 | Lair:6   | XOM: swap monsters
 12056 | Lair:6   | Reached skill level 13 in Armour
 12121 | Lair:6   | Reached skill level 11 in Axes
 12148 | Lair:6   | Found a burning altar of Makhleb.
 12154 | Lair:6   | XOM: enchant monster (good)
 12186 | Lair:6   | Reached skill level 4 in Throwing
 12214 | Lair:6   | XOM: summons friendly quasit
 12340 | Lair:6   | XOM: cloud trail
 12656 | Lair:6   | XOM: draining
 12730 | Lair:2   | You fall into a shaft and drop 2 floors!
 12743 | Lair:4   | XOM: give mutations
 12743 | Lair:4   | Gained mutation: Your body sometimes deteriorates upon
                  | taking damage. [Xom's mischief]
 12743 | Lair:4   | Lost mutation: You are frail. (-10% HP) [Xom's mischief]
 12743 | Lair:4   | Gained mutation: You have sharp fingernails. [Xom's
                  | mischief]
 12991 | D:11     | XOM: give mutations
 12991 | D:11     | Gained mutation: You are clumsy. (Dex -2) [Xom's mischief]
 12991 | D:11     | Gained mutation: You sometimes lose the ability to read
                  | scrolls when taking damage. [Xom's mischief]
 12991 | D:11     | Lost mutation: You are dopey. (Int -2) [Xom's mischief]
 13065 | D:11     | XOM: swap monsters
 13364 | D:11     | XOM: silly message
 13397 | D:11     | You fall into a shaft and drop 3 floors!
 13397 | D:14     | Found the +3 salamander hide armour {Flames rF++ rC--}
 13405 | D:14     | XOM: silly message
 13442 | D:14     | Noticed Nessos
 13445 | D:14     | Noticed Nessos
 13445 | D:14     | Nessos changed into Nessos the orb spider
 13449 | D:14     | Killed Nessos the orb spider
 13465 | D:14     | XOM: divination: magic mapping
 13509 | D:14     | XOM: silly message
 13521 | D:14     | Found a hide-covered altar of Uskayaw.
 13536 | D:14     | XOM: cast spell 'Leda's Liquefaction'
 13566 | D:14     | Got the Compendium of the Earthen Oath
 13584 | D:14     | Reached skill level 9 in Evocations
 13610 | D:14     | Identified the +10 dagger "Kotok" {vorpal, rPois rF-
                  | Will+++ Stlth+}
 13644 | D:14     | Identified Roxanne's Grimoire of Clay
 13644 | D:14     | Noticed Roxanne
 13644 | D:14     | XOM: give mutations
 13644 | D:14     | Lost mutation: Your flesh is heat resistant. (rF+) [Xom's
                  | mischief]
 13644 | D:14     | Lost mutation: You sometimes lose the ability to read
                  | scrolls when taking damage. [Xom's mischief]
 13684 | D:14     | XOM: enchant monster (bad)
 13696 | D:14     | Reached skill level 14 in Armour
 13696 | D:14     | Reached XP level 14. HP: 100/116 MP: 14/14
 13774 | D:14     | XOM: silly message
 13780 | D:14     | You fall into a shaft and drop 1 floor!
 13780 | D:15     | Entered Level 15 of the Dungeon
 13783 | D:15     | XOM: summons 2 friendly demons
 13795 | D:15     | XOM: potion effect (haste)
 13819 | D:15     | Reached skill level 5 in Throwing
 13940 | D:15     | XOM: god gift: 7 atropa-tipped darts
 14129 | D:15     | XOM: blink monster(s)
 14139 | D:15     | XOM: enchant monster (bad)
 14337 | D:15     | Found a staircase to the Depths.
 14377 | D:15     | XOM: divination: magic mapping
 14384 | D:15     | Paralysed by an ogre mage for 4 turns
 14386 | D:15     | XOM: scenery: summon butterflies
 14388 | D:15     | XOM: divination: detect items
 14392 | D:15     | XOM: potion effect (invisibility)
 14395 | D:15     | Reached skill level 3 in Dodging
 14399 | D:15     | Reached skill level 12 in Axes
 14864 | D:15     | Found Viorchuiq's Jewellery Shop.
 14872 | D:15     | Bought a ring of willpower for 400 gold pieces
 14872 | D:15     | Bought the ring "Fopnac" {rPois rN+} for 499 gold pieces
 15095 | D:14     | Identified the +5 dagger of Intuition {flame, *Rage +Blink
                  | Will+}
 15300 | D:13     | XOM: potion effect (heal wounds)
 15334 | D:13     | Identified the +0 robe of Purpose {Dex+3}
 15347 | D:13     | XOM: divination: detect items
 15364 | D:13     | XOM: destruction
 15386 | D:13     | XOM: confuse monster(s)
 15418 | D:13     | XOM: confusion (+ monsters)
 15434 | D:13     | XOM: divination: magic mapping
 15445 | D:13     | XOM: enchant monster (good)
 15656 | D:13     | XOM: 3-stop teleportation journey
 15949 | D:13     | XOM: summons friendly quasit
 15955 | D:13     | XOM: scenery: summon butterflies
 15959 | D:13     | XOM: scenery: summon butterflies
 15960 | D:13     | XOM: divination: magic mapping
 16001 | D:13     | XOM: summons friendly shadow imp
 16032 | D:13     | XOM: potion effect (brilliance)
 16036 | D:13     | XOM: silly message
 16040 | D:13     | XOM: potion effect (haste)
 16124 | D:13     | XOM: divination: magic mapping
 16352 | D:12     | Found Soggurchu's Armour Shop.
 16425 | D:12     | Noticed Maurice
 16436 | D:12     | Reached skill level 5 in Shields
 16445 | D:12     | Killed Maurice
 16449 | D:12     | Reached skill level 6 in Throwing
 16449 | D:12     | Reached skill level 4 in Dodging
 16557 | D:12     | XOM: potion effect (might)
 16568 | D:12     | XOM: potion effect (brilliance)
 16593 | D:12     | XOM: summons friendly crimson imp
 16757 | D:12     | XOM: 8-stop teleportation journey
 16792 | D:12     | Noticed Sonja
 16797 | D:12     | Killed Sonja
 16936 | D:12     | Noticed Josephine
 16943 | D:12     | XOM: cast spell 'Summon Ice Beast'
 16959 | D:12     | Killed Josephine
 17056 | D:12     | XOM: silly message
 17141 | D:12     | XOM: give mutations
 17141 | D:12     | Lost mutation: You are partially covered in large bone
                  | plates. (SH +4) [Xom's mischief]
 17141 | D:12     | Gained mutation: You sometimes lose the ability to read
                  | scrolls when taking damage. [Xom's mischief]
 17141 | D:12     | Gained mutation: You are dopey. (Int -2) [Xom's mischief]
 17155 | D:12     | Lost mutation: You sometimes lose the ability to read
                  | scrolls when taking damage. [potion of mutation]
 17155 | D:12     | Lost mutation: You are clumsy. (Dex -2) [potion of
                  | mutation]
 17155 | D:12     | Lost mutation: You occasionally shout uncontrollably at
                  | your foes. [potion of mutation]
 17155 | D:12     | Gained mutation: You are agile. (Dex +2) [potion of
                  | mutation]
 17155 | D:12     | Gained mutation: Your muscles are strong. (Str +2) [potion
                  | of mutation]
 17155 | D:12     | Gained mutation: You expend magic power (3 MP) to
                  | strengthen your wands. [potion of mutation]
 17255 | D:12     | XOM: give mutations
 17255 | D:12     | Gained mutation: Your muscles are very strong. (Str +4)
                  | [Xom's grace]
 17255 | D:12     | Gained mutation: You are robust. (+10% HP) [Xom's grace]
 17313 | D:12     | Reached skill level 13 in Fighting
 17344 | D:12     | Found a staircase to the Orcish Mines.
 17386 | D:12     | Found the +10 tower shield of Ignorance {rN+ Int-4}
 17402 | D:12     | Reached skill level 10 in Evocations
 17613 | D:8      | XOM: god gift: potion of mutation
 17686 | Snake:1  | Entered Level 1 of the Snake Pit
 17694 | Snake:1  | Noticed Aizul
 17712 | Snake:1  | Killed Aizul
 17713 | Snake:1  | Gained mutation: You have a pair of small antennae on your
                  | head. [demonic ancestry]
 17713 | Snake:1  | Reached XP level 15. HP: 119/135 MP: 10/15
 17751 | Snake:1  | XOM: fog
 17752 | Snake:1  | Found Fitiduer's Book Emporium.
 17781 | Snake:1  | XOM: 3-stop teleportation journey
 17996 | Snake:1  | XOM: 1-stop teleportation journey
 17998 | Snake:1  | Found Eronet's Magic Scroll Shop.
 18006 | Snake:1  | Bought a scroll of enchant armour for 120 gold pieces
 18084 | Snake:1  | Found Tubolip's Antique Armour Boutique.
 18095 | Snake:1  | Identified the +1 ring mail of Eherun {-Tele Rampage rPois}
 18223 | Snake:1  | XOM: confuse monster(s)
 18320 | Snake:1  | XOM: silly message
 18543 | Snake:1  | Found Mitoxeca's Book Emporium.
 18888 | Snake:1  | XOM: polymorph naga sharpshooter -> death drake
 18989 | Snake:1  | Reached skill level 6 in Shields
 19082 | Snake:2  | Found a runed translucent gate.
 19083 | Snake:2  | Found a runed translucent gate.
 19083 | Snake:2  | Found a runed translucent gate.
 19085 | Snake:2  | Noticed Dadghomedgh's ghost (adept GnWz)
 19113 | Snake:2  | Noticed Louise
 19123 | Snake:2  | XOM: fog
 19128 | Snake:2  | XOM: scenery: create altars
 19392 | Snake:1  | XOM: cloud trail
 19420 | Snake:2  | Noticed Agnes
 19430 | Snake:2  | Reached skill level 13 in Axes
 19432 | Snake:2  | Killed Agnes
 19433 | Snake:2  | Reached skill level 5 in Dodging
 19514 | Snake:1  | XOM: silly message
 19743 | Snake:2  | XOM: swap monsters
 19941 | Snake:1  | XOM: summons 1 hostile demon
 19980 | Snake:2  | Noticed Saint Roka
 19980 | Snake:2  | Noticed a nagaraja
 19985 | Snake:1  | XOM: silly message
 20121 | Snake:1  | XOM: silly message
 20199 | Snake:2  | XOM: potion effect (heal wounds)
 20207 | Snake:1  | XOM: potion effect (curing)
 20209 | Snake:1  | XOM: noise
 20246 | Snake:1  | XOM: silly message
 20250 | Snake:1  | XOM: divination: detect creatures
 20253 | Snake:2  | XOM: divination: detect creatures
 20759 | Orc:1    | Entered Level 1 of the Orcish Mines
 20939 | Orc:2    | Entered Level 2 of the Orcish Mines
 20941 | Orc:2    | XOM: potion effect (brilliance)
 20975 | Orc:2    | Found a staircase to the Elven Halls.
 20978 | Orc:2    | Found Esmonk's General Store.
 20995 | Orc:2    | Bought a potion of berserk rage for 70 gold pieces
 21024 | Orc:2    | Found Ceemmaar's Assorted Antiques.
 21048 | Orc:2    | Bought 2 potions of heal wounds for 250 gold pieces
 21173 | Orc:2    | Noticed Jorgrun
 21174 | Orc:2    | XOM: potion effect (curing)
 21187 | Orc:2    | Killed Jorgrun
 21188 | Orc:2    | Reached skill level 7 in Shields
 21280 | Orc:2    | XOM: divination: detect creatures
 21491 | Orc:1    | XOM: silly message
 21585 | Orc:2    | XOM: potion effect (haste)
 21621 | Orc:2    | Found Asaa's Armour Shop.
 21631 | Orc:2    | Bought a +1 pair of gloves of strength for 280 gold pieces
 21741 | Orc:2    | XOM: silly message
 21779 | Orc:2    | XOM: silly message
 21864 | Orc:2    | XOM: potion effect (curing)
 21875 | Orc:2    | Gained mutation: You do not regenerate when monsters are
                  | visible. [a neqoxec]
 21886 | Orc:2    | XOM: silly message
 21968 | Orc:1    | XOM: divination: detect creatures
 21997 | Orc:1    | XOM: divination: detect creatures
 22254 | Orc:2    | Found Zutycoy's Jewellery Shop.
 22254 | Orc:2    | Found Pesuthui's General Store.
 22255 | Orc:2    | Found Qunugy's Assorted Antiques.
 22255 | Orc:2    | Found Quitedgh's Magic Scroll Shop.
 22266 | Orc:2    | Bought a potion of might for 60 gold pieces
 22466 | Shoals:1 | Entered Level 1 of the Shoals
 22516 | Shoals:1 | Noticed a kraken
 22532 | Shoals:1 | Killed a kraken
 22535 | Shoals:1 | XOM: cast spell 'Cause Fear'
 22538 | Shoals:1 | XOM: 2-stop teleportation journey
 22708 | Shoals:1 | XOM: silly message
 22750 | Shoals:1 | Lost mutation: You are robust. (+10% HP) [potion of
                  | mutation]
 22750 | Shoals:1 | Lost mutation: You do not regenerate when monsters are
                  | visible. [potion of mutation]
 22750 | Shoals:1 | Lost mutation: You are agile. (Dex +2) [potion of mutation]
 22750 | Shoals:1 | Gained mutation: You are occasionally teleported next to
                  | monsters. [potion of mutation]
 22750 | Shoals:1 | Gained mutation: Your natural rate of healing is unusually
                  | fast. [potion of mutation]
 22751 | Shoals:1 | Lost mutation: Your muscles are very strong. (Str +4)
                  | [potion of mutation]
 22751 | Shoals:1 | Lost mutation: You are dopey. (Int -2) [potion of mutation]
 22751 | Shoals:1 | Gained mutation: You are dopey. (Int -2) [potion of
                  | mutation]
 22751 | Shoals:1 | Gained mutation: Armour fits poorly on your strangely
                  | shaped body. [potion of mutation]
 22751 | Shoals:1 | Gained mutation: Your system is resistant to poisons.
                  | (rPois) [potion of mutation]
 22752 | Shoals:1 | Lost mutation: You are dopey. (Int -2) [potion of mutation]
 22752 | Shoals:1 | Lost mutation: You expend magic power (3 MP) to strengthen
                  | your wands. [potion of mutation]
 22752 | Shoals:1 | Lost mutation: Your body sometimes deteriorates upon taking
                  | damage. [potion of mutation]
 22752 | Shoals:1 | Gained mutation: You have sharp toenails. [potion of
                  | mutation]
 22752 | Shoals:1 | Lost mutation: Your muscles are strong. (Str +2) [potion of
                  | mutation]
 22752 | Shoals:1 | Gained mutation: You have razor-sharp toenails. [potion of
                  | mutation]
 22761 | Shoals:1 | XOM: cast spell 'Alistair's Intoxication'
 22768 | Shoals:1 | XOM: summons friendly quasit
 22784 | Shoals:1 | Reached skill level 8 in Shields
 22784 | Shoals:1 | Gained mutation: You frequently emit foul miasma when
                  | damaged in melee. [demonic ancestry]
 22784 | Shoals:1 | Reached XP level 16. HP: 114/131 MP: 16/16
 22822 | Shoals:1 | XOM: 4-stop teleportation journey
 23024 | Shoals:1 | XOM: god gift: arbalest {god gift}
 23183 | Shoals:1 | Reached skill level 7 in Throwing
 23312 | Shoals:2 | XOM: cast spell 'Leda's Liquefaction'
 23351 | Shoals:2 | Reached skill level 11 in Evocations
 23724 | Shoals:2 | XOM: enchant monster (bad)
 23729 | Shoals:2 | XOM: 1-stop teleportation journey
 23730 | Shoals:2 | Reached skill level 14 in Axes
 23750 | Shoals:2 | XOM: swap monsters
 23856 | Shoals:2 | XOM: summons 9 hostile demons
 24086 | Shoals:2 | XOM: stat loss: -1 Int (9/10)
 24107 | Shoals:2 | Found a runed translucent door.
 24110 | Shoals:2 | Found a corrupted altar of Lugonu.
 24110 | Shoals:2 | Found a one-way gate to the infinite horrors of the Abyss.
 24112 | Shoals:2 | Noticed Donald
 24138 | Shoals:2 | XOM: blink monster(s)
 24144 | Shoals:2 | Killed Donald
 24310 | Shoals:3 | XOM: polymorph sea snake -> shining eye
 24311 | Shoals:3 | Gained mutation: You are dopey. (Int -2) [a shining eye]
 24354 | Shoals:3 | XOM: polymorph sea snake -> floating eye
 24411 | Shoals:3 | XOM: enchant monster (good)
 24454 | Shoals:3 | Reached skill level 9 in Shields
 24557 | Shoals:3 | XOM: 9-stop teleportation journey
 24564 | Shoals:3 | XOM: potion effect (heal wounds)
 24565 | Shoals:3 | XOM: divination: detect creatures
 24577 | Shoals:3 | XOM: noise
 24588 | Shoals:3 | XOM: divination: magic mapping
 24666 | Shoals:3 | XOM: confuse monster(s)
 24831 | Shoals:3 | XOM: noise
 24870 | Shoals:3 | XOM: divination: detect creatures
 24914 | Shoals:3 | XOM: confuse monster(s)
 25062 | Shoals:3 | XOM: silly message
 25094 | Shoals:4 | Entered Level 4 of the Shoals
 25096 | Shoals:4 | XOM: cleaving
 25104 | Shoals:4 | XOM: enchant monster (good)
 25105 | Shoals:4 | XOM: cleaving
 25108 | Shoals:4 | XOM: cleaving
 25111 | Shoals:4 | Reached skill level 14 in Fighting
 25115 | Shoals:4 | Noticed Ilsuiw
 25126 | Shoals:4 | Killed Ilsuiw
 25128 | Shoals:4 | HP: 5/133 [merfolk javelineer/silver javelin (21)]
 25230 | Shoals:4 | XOM: smoke on damage
 25293 | Shoals:4 | XOM: summons 4 hostile demons
 25359 | Shoals:4 | XOM: 6-stop teleportation journey
 25368 | Shoals:4 | XOM: confuse monster(s)
 25375 | Shoals:4 | XOM: scenery: create altars
 25526 | Shoals:4 | XOM: god gift: Young Poisoner's Handbook
 25564 | Shoals:4 | XOM: polymorph snapping turtle -> shapeshifter
 25600 | Shoals:4 | XOM: god gift: 20 gold pieces
 25604 | Shoals:4 | Reached skill level 8 in Throwing
 25663 | Shoals:4 | XOM: scenery: create altars
 25669 | Shoals:4 | XOM: confuse monster(s)
 25694 | Shoals:4 | XOM: cast spell 'Alistair's Intoxication'
 25775 | Shoals:4 | XOM: cloud trail
 25903 | Shoals:4 | XOM: 2-stop teleportation journey
 26013 | Shoals:4 | XOM: confuse monster(s)
 26015 | Shoals:4 | Reached XP level 17. HP: 139/139 MP: 17/17
 26047 | Shoals:4 | XOM: summons 6 friendly demons
 26053 | Shoals:4 | XOM: cast spell 'Statue Form'
 26054 | Shoals:4 | Reached skill level 10 in Shields
 26119 | Shoals:4 | XOM: smoke on damage
 26658 | Shoals:4 | Got a barnacled rune of Zot
 26857 | Snake:2  | XOM: cast spell 'Discord'
 26864 | Snake:2  | Killed Louise
 26883 | Snake:2  | XOM: give mutations
 26883 | Snake:2  | Gained mutation: You have a pair of antennae on your head.
                  | [Xom's grace]
 26883 | Snake:2  | Lost mutation: You are dopey. (Int -2) [Xom's grace]
 26883 | Snake:2  | Gained mutation: You passively dampen the noise of your
                  | surroundings. [Xom's grace]
 26883 | Snake:2  | Gained mutation: You are somewhat resistant to further
                  | mutation. [Xom's grace]
 26897 | Snake:2  | XOM: fog
 27029 | Snake:2  | XOM: silly message
 27041 | Snake:2  | XOM: noise
 27098 | Snake:2  | Killed Saint Roka
 27163 | Snake:2  | Reached skill level 15 in Axes
 27191 | Snake:3  | Found Weted's Armour Shop.
 27192 | Snake:3  | Found Plog's General Store.
 27192 | Snake:3  | Found Guodahuppomp's General Store.
 27201 | Snake:3  | Noticed Kirke
 27227 | Snake:3  | XOM: summons friendly shadow imp
 27245 | Snake:3  | XOM: polymorph salamander -> shapeshifter
 27463 | Snake:3  | XOM: 1-stop teleportation journey
 27475 | Snake:3  | Noticed Azrael
 27485 | Snake:3  | XOM: 3-stop teleportation journey
 27564 | Snake:3  | Killed Azrael
 27669 | Snake:3  | Noticed Vashnia
 27700 | Snake:3  | Killed Vashnia
 27701 | Snake:3  | Reached skill level 15 in Armour
 27780 | Snake:3  | XOM: god gift: potion of degeneration
 27797 | Snake:3  | Reached skill level 11 in Shields
 27941 | Snake:3  | XOM: cast spell 'Summon Ice Beast'
 27955 | Snake:3  | Found Noetug's Book Boutique.
 27965 | Snake:3  | Bought a scroll of fear for 52 gold pieces
 27965 | Snake:3  | Bought 3 scrolls of teleportation for 135 gold pieces
 27971 | Snake:3  | Bought a potion of might for 60 gold pieces
 28035 | Snake:3  | Killed Kirke
 28036 | Snake:3  | Reached skill level 9 in Throwing
 28234 | Snake:4  | Entered Level 4 of the Snake Pit
 28274 | Snake:4  | XOM: blink monster(s)
 28366 | Snake:4  | XOM: swap monsters
 28418 | Snake:4  | Noticed Mara
 28428 | Snake:4  | Noticed agentchuck's illusion
 28442 | Snake:4  | Noticed agentchuck's illusion
 28446 | Snake:4  | XOM: enchant monster (good)
 28451 | Snake:4  | XOM: summons 2 friendly demons
 28454 | Snake:4  | Killed Mara
 28455 | Snake:4  | Reached skill level 15 in Fighting
 28467 | Snake:4  | XOM: snakes to sticks
 28473 | Snake:4  | XOM: noise
 28474 | Snake:4  | XOM: confuse monster(s)
 28509 | Snake:3  | Mutation became permanent: You have a pair of small
                  | antennae on your head. [demonic ancestry]
 28509 | Snake:3  | Gained mutation: You have a pair of antennae on your head.
                  | [demonic ancestry]
 28509 | Snake:3  | Reached XP level 18. HP: 142/149 MP: 18/18
 28672 | Snake:4  | XOM: blink monster(s)
 28747 | Snake:4  | XOM: enchant monster (bad)
 28789 | Snake:4  | HP: 10/149 [quicksilver dragon/bolt of dispelling energy
                  | (37)]
 28791 | Snake:4  | HP: 2/149 [guardian serpent/bolt of poison (8)]
 28793 | Snake:4  | XOM: divination: detect creatures
 28793 | Snake:4  | Killed from afar by a quicksilver dragon

Vanquished Creatures
  Mara (Snake:4)
  Vashnia (Snake:3)
  Saint Roka (Snake:2)
  Jorgrun (Orc:2)
  A kraken (Shoals:1)
  Agnes (Snake:2)
  Kirke (Snake:3)
  Donald (Shoals:2)
  3 nagarajas
  Aizul (Snake:1)
  Louise (Snake:2)
  Azrael (Snake:3)
  10 merfolk javelineers
  7 merfolk impalers
  Josephine (D:12)
  A vault guard (D:13)
  5 hydras
  4 salamander tyrants
  5 naga warriors
  A boulder beetle (D:15)
  A hell beast (Lair:6)
  3 ogre magi
  6 anacondas
  3 merfolk avatars (Shoals:4)
  A catoblepas (Lair:5)
  2 satyrs
  13 two-headed ogres
  3 merfolk aquamancers
  3 centaur warriors
  7 shock serpents
  7 death yaks
  5 orc high priests
  A tengu warrior (D:15)
  15 naga sharpshooters
  Nergalle (D:10)
  Sonja (D:12)
  A death drake (Snake:1)
  2 salamander mystics
  13 sea snakes
  2 deep trolls (D:15)
  A deep elf pyromancer (D:15)
  5 naga ritualists
  2 wizards
  2 necromancers
  6 ugly things (D:14)
  Pikel (D:5)
  9 orc knights
  An orc sorcerer (Orc:2)
  12 mana vipers
  A salamander (shapeshifter) (Shoals:4)
  5 cyclopes
  20 manticores
  A shining eye (Shoals:3)
  8 harpies
  An orb spider (shapeshifter) (Lair:5)
  5 salamanders
  A moth of wrath (D:7)
  14 fauns
  An orb spider (D:14)
  Maurice (D:12)
  2 guardian serpents (Snake:4)
  7 merfolk sirens
  28 black mambas
  12 cane toads
  5 naga magi
  An apocalypse crab (Shoals:2)
  5 water nymphs
  A torpor snail (Lair:5)
  2 kobold demonologists
  3 orange demons (Lair:6)
  A gargoyle (D:12)
  An unseen horror (D:10)
  A cane toad (shapeshifter) (Lair:6)
  4 rime drakes (Lair:6)
  2 efreet (D:14)
  4 yaktaurs (D:15)
  3 komodo dragons
  A red devil (Lair:6)
  An ice devil (Lair:6)
  3 polar bears
  4 trolls
  25 merfolk
  8 wind drakes
  Prince Ribbit (D:8)
  A dream sheep (shapeshifter) (D:14)
  10 snapping turtles
  8 slime creatures
  17 blink frogs
  13 dream sheep
  2 spriggans (shapeshifter)
  4 wyverns
  2 water elementals
  5 basilisks
  A human (shapeshifter) (D:15)
  4 wraiths
  24 yaks
  3 fire elementals (Snake:3)
  3 hogs
  6 vampire mosquitoes
  30 nagas
  4 wargs
  3 hell hounds
  15 water moccasins
  A floating eye (Shoals:3)
  3 ice beasts
  38 orc warriors
  2 sky beasts (D:6)
  2 black bears
  A hornet zombie (D:8)
  15 ogres
  19 wolves
  A necrophage (D:6)
  10 centaurs
  A lemure (D:5)
  A phantom (D:6)
  11 bullfrogs
  A kobold brigand (D:6)
  3 scorpions
  A wyvern skeleton (D:6)
  14 killer bees
  2 electric eels (Lair:4)
  6 howler monkeys
  3 centaur zombies
  A bullfrog zombie (D:7)
  14 jellies
  3 centaur skeletons
  A bullfrog skeleton (D:7)
  33 orc priests
  An iguana (D:5)
  A gnoll shaman (D:5)
  2 hell rats (Lair:4)
  A scorpion zombie (D:5)
  19 orc wizards
  3 killer bee zombies
  2 gnolls (D:5)
  6 adders
  A howler monkey skeleton (D:7)
  9 river rats (Lair:4)
  3 white imps
  A dart slug (D:4)
  71 orcs
  3 bats
  8 endoplasms
  2 giant cockroaches
  6 goblins
  3 hobgoblins
  2 jackals (D:2)
  9 kobolds
  3 quokkas
  4 ball pythons
  A frilled lizard (D:1)
  8 rats
  2 tentacles (Shoals:1)
873 creatures vanquished.

Vanquished Creatures (collateral kills)
  A two-headed ogre (D:10)
  3 death yaks (Lair:4)
  A tengu warrior (D:13)
  A salamander (Snake:3)
  A troll (D:13)
  7 yaks (Lair:4)
  An orc warrior (D:10)
  An orc wizard (D:10)
  A gnoll (D:5)
  An adder (D:2)
  A river rat (D:10)
19 creatures vanquished.

Vanquished Creatures (others)
  Ilsuiw (Shoals:4)
  A harpy (Shoals:4)
  2 manticores
  A yaktaur (D:15)
  A troll (D:9)
  A merfolk (Shoals:3)
  A blink frog (Lair:5)
  4 yaks
  38 fungi
  99 plants
  10 tentacles (Shoals:1)
159 creatures vanquished.

Grand Total: 1051 creatures vanquished

Table legend: (Time is in decaauts)
 A = Elapsed time spent in this place.
 B = Non-inter-level travel time spent in this place.
 C = Inter-level travel time spent in this place.
 D = Time resting spent in this place.
 E = Time spent auto-exploring this place.
 F = Levels seen in this place.
 G = Mean time per level.
                   A        B        C        D        E       F      G
               +--------+--------+--------+--------+--------+-----+--------+
         Total |  29349 |  26172 |   3177 |   7495 |    498 |  31 |  946.7 |
       Dungeon |  12272 |  10573 |   1699 |   1991 |    422 |  15 |  818.1 |
          Lair |   5795 |   5098 |    697 |   1740 |     28 |   6 |  965.8 |
        Shoals |   4716 |   4306 |    410 |   1197 |      3 |   4 | 1179.0 |
     Snake Pit |   4963 |   4650 |    313 |   2047 |     45 |   4 | 1240.8 |
  Orcish Mines |   1600 |   1543 |     57 |    520 |      0 |   2 |  800.0 |
               +--------+--------+--------+--------+--------+-----+--------+

Top non-repeatable levels by time:
 Snake:1: 2750 daAuts
  Lair:6: 1630 daAuts
Shoals:4: 1546 daAuts
Shoals:2: 1172 daAuts
    D:13: 1171 daAuts
    D:12: 1132 daAuts
    D:15: 1098 daAuts
Shoals:3: 1090 daAuts
  Lair:4: 1045 daAuts
 Snake:3: 1022 daAuts
     D:6: 995 daAuts
     D:4: 965 daAuts
     D:9: 939 daAuts
  Lair:5: 934 daAuts
Shoals:1: 906 daAuts

Table legend:
 A = Non-vault XP
 B = Vault XP
 C = Vault XP percentage of total XP
 D = Non-vault monster count
 E = Vault monster count
 F = Vault count percentage of total count
                 A         B        C        D         E       F
            +---------+---------+-------+---------+---------+-------
      Total |  195591 |  110988 |  36.2 |     640 |     257 |  28.7
            +---------+---------+-------+---------+---------+-------
        D:1 |      33 |       0 |   0.0 |      20 |       0 |   0.0
        D:2 |      40 |       0 |   0.0 |      12 |       0 |   0.0
        D:3 |      26 |       8 |  23.5 |       6 |       4 |  40.0
        D:4 |     410 |      12 |   2.8 |      16 |       6 |  27.3
        D:5 |     419 |     586 |  58.3 |      13 |       1 |   7.1
        D:6 |     980 |     834 |  46.0 |      18 |       7 |  28.0
        D:7 |     279 |    1316 |  82.5 |       7 |       9 |  56.2
        D:8 |     689 |    1163 |  62.8 |      16 |       7 |  30.4
        D:9 |    1414 |       0 |   0.0 |      21 |       0 |   0.0
       D:10 |    1598 |     804 |  33.5 |      12 |       1 |   7.7
       D:11 |    3467 |       0 |   0.0 |      14 |       0 |   0.0
       D:12 |    7328 |    2932 |  28.6 |      19 |       6 |  24.0
       D:13 |    4451 |    4282 |  49.0 |       9 |       6 |  40.0
       D:14 |    8963 |     508 |   5.4 |      23 |       1 |   4.2
       D:15 |   13240 |    3617 |  21.5 |      26 |       6 |  18.8
     Lair:1 |    2001 |       0 |   0.0 |      12 |       0 |   0.0
     Lair:2 |    2889 |       0 |   0.0 |      10 |       0 |   0.0
     Lair:3 |    7082 |       0 |   0.0 |      22 |       0 |   0.0
     Lair:4 |    9458 |     190 |   2.0 |      36 |      12 |  25.0
     Lair:5 |    8170 |    2242 |  21.5 |      35 |       5 |  12.5
     Lair:6 |    1585 |    9409 |  85.6 |       7 |      37 |  84.1
   Shoals:1 |   14426 |       0 |   0.0 |      30 |       0 |   0.0
   Shoals:2 |   16107 |    2481 |  13.3 |      32 |       2 |   5.9
   Shoals:3 |   10657 |    3535 |  24.9 |      23 |       5 |  17.9
   Shoals:4 |    9576 |   28139 |  74.6 |      23 |      39 |  62.9
    Snake:1 |   14605 |    1798 |  11.0 |      31 |       2 |   6.1
    Snake:2 |   11363 |    9498 |  45.5 |      19 |      15 |  44.1
    Snake:3 |   14147 |   13061 |  48.0 |      23 |      15 |  39.5
    Snake:4 |   23710 |   11405 |  32.5 |      40 |      10 |  20.0
      Orc:1 |    1596 |     889 |  35.8 |      16 |       3 |  15.8
      Orc:2 |    4882 |   12279 |  71.6 |      49 |      58 |  54.2
            +---------+---------+-------+---------+---------+-------
